 Dungeon Crawl Stone Soup version 0.28.0-47-ge53b351184 (webtiles) character file.

Game seed: 7482128172840825300

119 pkoi the Charlatan (level 4, 0/36 HPs)
             Began as a Demigod Artificer on May 3, 2022.
             Slain by an orc wizard
             ... wielding a +0 dagger
              (1 damage)
             ... on level 2 of the Dungeon.
             The game lasted 00:04:44 (4885 turns).

pkoi the Charlatan (Demigod Artificer)              Turns: 4885, Time: 00:04:44

Health: 0/36       AC:  6    Str: 17    XL:     4   Next: 47%
Magic:  6/6        EV: 10    Int: 13    God:
Gold:   77         SH:  0    Dex: 14    Spells: 3/3 levels left

rFire   . . .      SeeInvis .   k - +0 dagger (venom)
rCold   . . .      Faith    .   (no shield)
rNeg    . . .      Spirit   .   o - +0 ring mail
rPois   .          Reflect  .   (no helmet)
rElec   .          Harm     .   (no cloak)
rCorr   .          Rampage  .   n - +0 pair of gloves
Will    .....                   (no boots)
Stlth   +.........              (no amulet)
HPRegen 0.12/turn               (no ring)
MPRegen 0.10/turn               (no ring)

@: no status effects
A: high MP 1, forlorn, divine attributes
a: no special abilities


You were on level 2 of the Dungeon.
You visited 1 branch of the dungeon, and saw 3 of its levels.

You collected 77 gold pieces.

Inventory:

Hand Weapons
 a - a +0 club
 g - a +0 dagger
 h - a +0 spear
 i - a +0 dagger
 k - a +0 dagger of venom (weapon)
 p - a +0 whip
Armour
 n - a +0 pair of gloves (worn)
 o - a +0 ring mail (worn)
Wands
 c - a wand of flame (31) (quivered)
 d - a wand of charming (12)
Potions
 b - 2 potions of haste
 f - a potion of heal wounds
 l - a potion of curing
Miscellaneous
 e - a piece from Xom's chessboard (15/15)


   Skills:
 + Level 2.0 Fighting
 + Level 2.5 Armour
 - Level 0.8 Dodging
 - Level 0.8 Stealth
 + Level 1.8 Unarmed Combat
 + Level 3.6 Evocations


You had 3 spell levels left.
You didn't know any spells.
Your spell library contained the following spells:

 Spells                   Type           Power      Damage    Failure   Level
 Ensorcelled Hibernation  Hex/Ice        0%         N/A       63%         2
 Passwall                 Tmut/Erth      0%         N/A       63%         2
 Swiftness                Air            0%         N/A       86%         3


Dungeon Overview and Level Annotations

Branches:
Dungeon (3/15)


Innate Abilities, Weirdness & Mutations

You have an increased reservoir of magic. (+10% MP)
You shall have no god before yourself.
Your divine heritage dramatically boosts your attributes as you level up.


Message History

The hobgoblin looks as sick as possible!
The hobgoblin is almost dead.
You kill the hobgoblin!
The orc hits you with a +0 club.
* * * LOW HITPOINT WARNING * * *
The orc hits you with a +0 club.
* * * LOW HITPOINT WARNING * * *
You hit the orc but do no damage. Something hits you but does no damage.
There is a stone staircase leading down, spattered with blood here.
You closely miss something. Your punch misses something.
The orc hits you but does no damage. Something hits you.
* * * LOW HITPOINT WARNING * * *
You closely miss something. The orc hits you with a +0 club.
* * * LOW HITPOINT WARNING * * *
Something hits you but does no damage.
You hit something. The orc hits you with a +0 club.
* * * LOW HITPOINT WARNING * * *
Something hits you but does no damage.
Unknown command.
The orc hits you with a +0 club.
* * * LOW HITPOINT WARNING * * *
Something hits you but does no damage.
You closely miss the orc. The orc hits you but does no damage.
You hit the orc.
The orc is poisoned.
The orc is heavily wounded.
The orc completely misses you.
You hit the orc.
The orc looks as sick as possible!
The orc is almost dead.
You kill the orc!
A magic dart appears from out of thin air!
The magic dart hits you.
* * * LOW HITPOINT WARNING * * *
Unknown command.
Something hits you.
* * * LOW HITPOINT WARNING * * *
Things that are here:
a +0 club; an orc corpse You hit something but do no damage.
Something hits you.
You die...

#.# #.# ####....### #)#
#.# #....... #.# #.#
#....### #.# #.# #####.##
#.# #.# #......#
#.########.# #.###.##
#..........# #.# ###
#########.[#### #.#
#########..@{)# #.#
#.........###># #.#
#.######### #.# #.# #.#
#.# #.# #.# #.# #.# #.#
### ####.# #.#
####.###.####.##.# #.#
#..............#.# #.#
#.#......#.......######.#


There were no monsters in sight!

Vanquished Creatures
  Jessica (D:2)
  2 adders
  2 dart slugs
  3 worms
  8 orcs
  3 bats
  4 endoplasms
  2 giant cockroaches
  3 hobgoblins
  A jackal (D:1)
  2 quokkas (D:1)
  4 ball pythons
  3 frilled lizards
  6 goblins
  8 kobolds
  2 rats (D:1)
54 creatures vanquished.

Vanquished Creatures (others)
  3 jackals (D:1)
3 creatures vanquished.

Grand Total: 57 creatures vanquished

Notes
Turn   | Place    | Note
-------+----------+-------------------------------------------
     0 | D:1      | pkoi the Demigod Artificer began the quest for the Orb.
     0 | D:1      | Reached XP level 1. HP: 15/15 MP: 3/3
   450 | D:1      | Reached skill level 3 in Evocations
  1005 | D:1      | Reached XP level 2. HP: 21/22 MP: 4/4
  1179 | D:1      | Reached skill level 1 in Fighting
  1373 | D:1      | Reached skill level 1 in Unarmed Combat
  2731 | D:2      | Reached XP level 3. HP: 27/28 MP: 5/5
  3115 | D:2      | Noticed Jessica
  3117 | D:2      | Killed Jessica
  3562 | D:2      | Reached XP level 4. HP: 31/36 MP: 6/6
  4884 | D:2      | HP: 1/36 [something (4)]
  4885 | D:2      | Slain by an orc wizard

Illustrated notes

Levels and vault maps discovered:
D:1:      psy_arrival_radial01, layout_basic, serial_rivers,
          chequers_serial_rivers_micro_a, chequers_serial_rivers_micro_a,
          chequers_serial_rivers_micro_a, chequers_serial_rivers_room_b,
          chequers_serial_rivers_large_b,
          dreamdust_ecumenical_altar_angels_and_demons, minmay_hexomino_r4
D:2:      layout_loops_ring, basic_altar, uniq_jessica
D:3:      layout_basic, lemuel_flame_loot_1

Skill      XL: |  1  2  3  4 |
---------------+-------------+-----
Evocations     | 3 |  3.6
Fighting       | 1 2 |  2.0
Unarmed Combat | 1 |  1.8
Armour         | 2 |  2.5
Dodging        | |  0.8
Stealth        | |  0.8

Action                   |  1- 3 |  4- 6 || total
-------------------------+-------+-------++-------
Melee: Dagger            |   168 |    62 ||   230
       Spear             |    10 |       ||    10
       Club              |     8 |       ||     8
       Punch             |     4 |     2 ||     6
Evoke: Wand              |    11 |       ||    11
  Use: Scroll            |     3 |     2 ||     5
       Potion            |     3 |       ||     3
Armor: Leather armour    |    33 |       ||    33
       Ring mail         |    35 |    24 ||    59
Dodge: Dodged            |   106 |    39 ||   145
